Cogmind - Beta 17.1 @@@ ROGUE MODE // 2026.08.29 @ 23:42:09 Player: Finn Result: Destroyed by S-27 Virus via exploding Compression Vault Performance ------------- Evolutions (3) 1500 Regions Visited (5) 1000 Robots Destroyed (2) 10 Value Destroyed (94) 94 Prototype IDs (0) 0 Alien Tech Used (0) 0 Bonus (834) 834 TOTAL SCORE: 3438 Bonus ------- Pacifist 834 Cogmind --------- Core Integrity 0/700 Matter 285/300 Energy 98/100 System Corruption 1% Temperature Cool (0) Movement Core (50) Location -7/Storage Parts ------- > --- POWER (1) -------- (None) > --- PROPULSION (5) --- (None) > --- UTILITY (5) ------ (None) > --- WEAPON (2) ------- (None) > --- INVENTORY (5) ---- Ion Engine Light Ion Engine Xenon Bombardment Thruster Cooled VTOL Module Peak State ------------ > --- POWER ------------ Improved Deuterium Engine > --- PROPULSION ------- Flight Unit VTOL Module VTOL Module VTOL Module > --- UTILITY ---------- Structural Scanner ECM Suite > --- WEAPON ----------- Light Assault Rifle Assault Cannon > --- INVENTORY -------- Ion Engine Light Ion Engine [Rating: 17] Favorites ----------- Power Ion Engine Engine Ion Engine Propulsion VTOL Module Wheel Wheel Flight Unit VTOL Module Utility Structural Scanner Device Structural Scanner Weapon Light Assault Rifle Energy Cannon Particle Cannon Ballistic Gun Light Assault Rifle Ballistic Cannon Assault Cannon Build | -11 -10 -9 -8 -7 -7 ------- Run | Yrd Mat Mat Mat Fac Sto Slots Evolved 6 | . . 2 2 2 . Power . | . . . . . . Propulsion 3 | . . 2 . 1 . Utility 3 | . . . 2 1 . Weapon . | . . . . . . Parts Attached 16 | 4 6 2 2 2 . Power 3 | 1 1 . . 1 . Engine 3 | 1 1 . . 1 . Core . | . . . . . . Reactor . | . . . . . . Propulsion 7 | 2 2 2 . 1 . Treads . | . . . . . . Leg . | . . . . . . Wheel 2 | 2 . . . . . Hover . | . . . . . . Flight 5 | . 2 2 . 1 . Utility 2 | . 1 . 1 . . Device 2 | . 1 . 1 . . Storage . | . . . . . . Processor . | . . . . . . Hackware . | . . . . . . Protection . | . . . . . . Artifact . | . . . . . . Weapon 4 | 1 2 . 1 . . Energy Gun . | . . . . . . Energy Cannon 2 | . 2 . . . . Ballistic Gun 1 | 1 . . . . . Ballistic Cannon 1 | . . . 1 . . Launcher . | . . . . . . Special Weapon . | . . . . . . Impact Weapon . | . . . . . . Slashing Weapon . | . . . . . . Piercing Weapon . | . . . . . . Special Melee Weapon . | . . . . . . Unidentified Prototypes . | . . . . . . Parts Lost 10 | . . 1 . . 9 Power 1 | . . . . . 1 Propulsion 5 | . . 1 . . 4 Utility 2 | . . . . . 2 Weapon 2 | . . . . . 2 Highest Loss Streak 4 | . . 1 . . 4 To Critical Strikes . | . . . . . . Average Backups 1 | . 2 1 1 1 2 Power . | . . 1 1 1 2 Propulsion . | . 1 . . . . Utility . | . . . . . . Weapon . | . . . . . . Tool/Special . | . . . . . . Unused Backups 3 | . 1 . . . 2 Power . | . . . . . . Propulsion 2 | . . . . . 2 Utility . | . . . . . . Weapon 1 | . 1 . . . . Tool/Special . | . . . . . . Average Slot Usage (%) 64 | . 69 74 69 69 48 Engine 9 | . 14 11 8 7 5 Wheel 2 | . 7 . . . . Flight 25 | . 21 41 27 30 21 Device 12 | . 11 11 17 15 12 Ballistic Gun 9 | . 13 11 9 7 4 Ballistic Cannon 3 | . . . 8 7 4 Peak Build Rating 17 | 4 10 11 13 17 17 Average Rating 10 | 2 6 10 12 15 11 On Entrance 8 | . 4 7 9 13 17 Avg Prop Armor Cover (%) . | . . . . . . Naked Turns 30 | . . . . . 30 Heaviest Build 19 | 6 14 5 12 19 19 Greatest Support 26 | 26 26 20 15 20 20 Greatest Overweight (x) 2 | . 1 . . . 2 Average Overweight (x) . | . . . . . . Largest Inventory Capacity 5 | 5 5 5 5 5 5 Average Capacity 5 | 5 5 5 5 5 5 Most Carried 5 | 4 5 2 3 2 4 Average Carried 1 | . 2 1 1 1 2 Final Capacity 5 | 5 5 5 5 5 5 Final Carried 4 | . 3 1 2 2 4 Class Distribution -------------------- 40% | Infiltrator-Sprinter 35% | Sprinter 18% | Mutant 5% | Infiltrator-Mutant Dominant Class ---------------- Sprinter | -10/Materials Sprinter | -9/Materials Infiltrator-Sprinter | -8/Materials Infiltrator-Sprinter | -7/Factory Infiltrator-Sprinter | -7/Storage Resources | -11 -10 -9 -8 -7 -7 ----------- Run | Yrd Mat Mat Mat Fac Sto Matter Collected 341 | 209 . . . . 132 Remotely . | . . . . . . Salvage Created 71 | . . . . . 71 Parts 6 | . . . . . 6 Haulers Intercepted . | . . . . . . Recyclers Shooed . | . . . . . . Parts Field Recycled . | . . . . . . Retrieved Matter . | . . . . . . Parts Self-Destructed . | . . . . . . Prevented . | . . . . . . Parts Restored . | . . . . . . Kills | -11 -10 -9 -8 -7 -7 ------- Run | Yrd Mat Mat Mat Fac Sto Combat Hostiles Destroyed 2 | . . . . . 2 Cannons 2 | . . . . . 2 Classes Destroyed 1 | . . . . . 1 Grunt 2 | . . . . . 2 Best Kill Streak 2 | . . . . . 2 Combat Bots Only 2 | . . . . . 2 Max Kills in Single Turn 1 | . . . . . 1 Gunslinging . | . . . . . . Exploded . | . . . . . . Melee . | . . . . . . Uniques/NPCs Destroyed . | . . . . . . Combat | -11 -10 -9 -8 -7 -7 -------- Run | Yrd Mat Mat Mat Fac Sto Hostile Shots Fired 190 | . 11 23 22 1 133 Missed 91 | . 3 13 11 1 63 Hits 99 | . 8 10 11 . 70 Projectile 99 | . 8 10 11 . 70 AOE 2 | . . . . . 2 Critical Strikes 2 | . . . . . 2 Damage Taken 1433 | . 98 136 169 . 1030 Core 866 | . 86 39 37 . 704 Absorbed by Shields . | . . . . . . Regen/Repaired (Parts) 36 | . . . 36 . . Core Remaining (%) 87 | 100 65 90 93 . . Volleys Fired 10 | . 3 . . . 7 Largest 2 | . 1 . . . 2 Hottest 57 | . 20 . . . 57 Shots Fired 17 | . 3 . . . 14 Gun 10 | . 3 . . . 7 Cannon 7 | . . . . . 7 Launcher . | . . . . . . Special . | . . . . . . Kinetic 17 | . 3 . . . 14 Thermal . | . . . . . . Explosive . | . . . . . . Electromagnetic . | . . . . . . Robot Hit Streak 6 | . 1 . . . 6 Robot Miss Streak 1 | . 1 . . . 1 Penetration Max . | . . . . . . Secondary Targets . | . . . . . . Shots Hit Robots 10 | . 1 . . . 9 Core Hits 3 | . . . . . 3 Critical Kills . | . . . . . . Critical Parts Destroyed . | . . . . . . Critical Strikes 1 | . . . . . 1 Blast 1 | . . . . . 1 Melee Attacks . | . . . . . . Impact . | . . . . . . Slashing . | . . . . . . Piercing . | . . . . . . Sneak Attacks . | . . . . . . Combat Hostiles . | . . . . . . Follow-up Attacks . | . . . . . . Damage Inflicted 233 | . 7 . . . 226 Guns 43 | . 7 . . . 36 Cannons 154 | . . . . . 154 Explosions . | . . . . . . Melee . | . . . . . . Ramming 36 | . . . . . 36 Kinetic 197 | . 7 . . . 190 Thermal . | . . . . . . Explosive . | . . . . . . Electromagnetic . | . . . . . . Impact . | . . . . . . Slashing . | . . . . . . Piercing . | . . . . . . Highest Corruption 1 | . . . . . 1 Average Corruption 1 | . . . . . 1 Corruption Purged . | . . . . . . Corruption Blocked . | . . . . . . Effects 1 | . . . . . 1 Matter Fused 1 | . . . . . 1 Overload Shots . | . . . . . . Overflow Damage 3 | . . . . . 3 Projectiles 3 | . . . . . 3 Explosions . | . . . . . . Melee . | . . . . . . Knockbacks 5 | . . . . . 5 Impact . | . . . . . . Kinetic 3 | . . . . . 3 Secondary 2 | . . . . . 2 Self-Inflicted Damage 16 | . . . . . 16 Shots . | . . . . . . Rammed 10 | . . . . . 10 Targets Rammed 10 | . . . . . 10 Kicked . | . . . . . . Crushed . | . . . . . . Highest Temperature 37 | . 6 6 4 . 37 Average Temperature 10 | . 4 4 4 . 13 Received Heat Transfer 351 | . 54 18 90 . 189 Siege Activations . | . . . . . . Martial Activations . | . . . . . . Shielding Activations . | . . . . . . Robots Disrupted . | . . . . . . Combat Hostiles . | . . . . . . Robots Corrupted . | . . . . . . Combat Hostiles . | . . . . . . Parts Fried . | . . . . . . Impact Corruptions . | . . . . . . Robots Melted . | . . . . . . Combat Hostiles . | . . . . . . Parts Melted . | . . . . . . Heat Transferred . | . . . . . . Parts Sabotaged . | . . . . . . Parts Stolen . | . . . . . . Parts Stripped . | . . . . . . Power Chain Reactions . | . . . . . . Alert | -11 -10 -9 -8 -7 -7 ------- Run | Yrd Mat Mat Mat Fac Sto Maximum Alert Level . | . . . . . . Low Security (%) 100 | 100 100 100 100 100 100 Level 1 . | . . . . . . Level 2 . | . . . . . . Level 3 . | . . . . . . Level 4 . | . . . . . . Level 5 . | . . . . . . High Security . | . . . . . . Max Security . | . . . . . . Peak Influence 45 | . 41 45 15 27 41 Initial 10 | . . 8 10 2 2 Average 7 | . 8 10 1 8 9 Influence Increases 350 | . 106 47 15 27 155 Destroy 0b10 Robot/C 40 | . . . . . 40 Destroy Leader 10 | . . . . . 10 Successful Hack 44 | . 16 2 . 12 14 Destroy Structure 1 | . . . . . 1 Partial Spotted 135 | . 60 . 15 15 45 Lose Combat Pursuer 120 | . 30 45 . . 45 Influence Decreases 315 | . 85 43 35 25 127 Entered New Map 36 | . . 13 15 3 5 Time Decay 238 | . 85 20 20 22 91 Lost Part 41 | . . 10 . . 31 Squads Dispatched 7 | . 2 1 1 . 3 Investigation 3 | . 1 . . . 2 Extermination . | . . . . . . Reinforcement 4 | . 1 1 1 . 1 Assault . | . . . . . . Garrison . | . . . . . . Intercept . | . . . . . . Searches Triggered . | . . . . . . Construction Impeded . | . . . . . . Haulers Reinforced . | . . . . . . Active Scanning Responses . | . . . . . . Cargo Convoy Interrupts . | . . . . . . Stealth | -11 -10 -9 -8 -7 -7 --------- Run | Yrd Mat Mat Mat Fac Sto Distress Signals 7 | . . 1 3 . 3 Communications Jammed . | . . . . . . Distress Signals . | . . . . . . Times Spotted 81 | . 11 9 23 4 34 Peak Tracking Total 13 | . 11 8 13 4 12 Tactical Retreats 14 | . 1 1 6 . 6 ECM-based Alert Blocks 38 | . . . 19 . 19 Traps | -11 -10 -9 -8 -7 -7 ------- Run | Yrd Mat Mat Mat Fac Sto Traps Triggered 1 | . 1 . . . . Indirectly . | . . . . . . Trap Hack Attempts . | . . . . . . Triggered . | . . . . . . Disarmed 9 | . . . . . 9 Reprogrammed . | . . . . . . Reused . | . . . . . . Traps Extracted . | . . . . . . Installed . | . . . . . . Triggered . | . . . . . . Machines | -11 -10 -9 -8 -7 -7 ---------- Run | Yrd Mat Mat Mat Fac Sto Machines Disabled . | . . . . . . Max in Single Turn . | . . . . . . Machines Repaired . | . . . . . . Machines Dismantled . | . . . . . . Machines Sabotaged . | . . . . . . Overloaded Fab Kills . | . . . . . . Hacking | -11 -10 -9 -8 -7 -7 --------- Run | Yrd Mat Mat Mat Fac Sto Machines Accessed 13 | . 4 3 1 1 4 Terminals 8 | . 3 1 . . 4 Fabricators . | . . . . . . Repair Stations 1 | . . . 1 . . Recycling Units 2 | . 1 1 . . . Scanalyzers 2 | . . 1 . 1 . Garrison Access . | . . . . . . Total Hacks 26 | . 6 7 3 3 7 Successful 17 | . 3 5 2 1 6 Failed 8 | . 3 2 1 1 1 Catastrophic 2 | . 1 . . . 1 Database Lockouts 1 | . . . . 1 . Manual . | . . . . . . Terminals 13 | . 5 1 . . 7 Fabricators . | . . . . . . Repair Stations 3 | . . . 3 . . Recycling Units 2 | . 1 1 . . . Scanalyzers 8 | . . 5 . 3 . Garrison Access . | . . . . . . Terminal Hacks 9 | . 2 1 . . 6 Record 4 | . 1 1 . . 2 Open Door 2 | . . . . . 2 Disarm Traps 2 | . . . . . 2 Recall Investigation 1 | . 1 . . . . Fabricator Hacks . | . . . . . . Repair Station Hacks 2 | . . . 2 . . Scan Component 1 | . . . 1 . . Repair 1 | . . . 1 . . Recycling Unit Hacks 2 | . 1 1 . . . Process 1 | . 1 . . . . Report Inventory 1 | . . 1 . . . Scanalyzer 4 | . . 3 . 1 . Retrieve Study 4 | . . 3 . 1 . Garrison Access Hacks . | . . . . . . Unauthorized Hacks . | . . . . . . Terminals . | . . . . . . Fabricators . | . . . . . . Repair Stations . | . . . . . . Recycling Units . | . . . . . . Scanalyzers . | . . . . . . Garrison Access . | . . . . . . Data Cores Recovered . | . . . . . . Used . | . . . . . . Hacking Detections 8 | . 2 2 . 1 3 Full Trace Events 2 | . . . . . 2 Feedback Events . | . . . . . . Feedback Blocked . | . . . . . . Robot Schematics Acquired . | . . . . . . Robots Built . | . . . . . . Authchips . | . . . . . . Time . | . . . . . . Total Robot Build Rating . | . . . . . . Part Schematics Acquired . | . . . . . . Parts Built . | . . . . . . Authchips . | . . . . . . Time . | . . . . . . Total Part Build Rating . | . . . . . . Part Studies Acquired 4 | . . 3 . 1 . Parts Repaired 1 | . . . 1 . . Time 26 | . . . 26 . . Parts Recycled . | . . . . . . Recycled Matter . | . . . . . . Retrieved Matter . | . . . . . . Retrieved Components . | . . . . . . Parts Scanalyzed . | . . . . . . Part Schematics Acquired . | . . . . . . Parts Damaged . | . . . . . . Bothacking | -11 -10 -9 -8 -7 -7 ------------ Run | Yrd Mat Mat Mat Fac Sto Used RIF Installer . | . . . . . . Robots Hacked . | . . . . . . Non-combat . | . . . . . . Combat . | . . . . . . Robot Hacks Applied . | . . . . . . Relay Couplers Released . | . . . . . . Fabnet Peak Effective % . | . . . . . . Robots Rewired . | . . . . . . Allies Hacked . | . . . . . . Hacks Repelled . | . . . . . . Allies | -11 -10 -9 -8 -7 -7 -------- Run | Yrd Mat Mat Mat Fac Sto Total Allies . | . . . . . . Largest Group . | . . . . . . Highest-Rated Group . | . . . . . . Highest-Rated Ally . | . . . . . . Total Orders . | . . . . . . Ally Attacks . | . . . . . . Total Damage . | . . . . . . Kills . | . . . . . . Allies Corrupted . | . . . . . . Allies Melted . | . . . . . . Intel | -11 -10 -9 -8 -7 -7 ------- Run | Yrd Mat Mat Mat Fac Sto Active Infowar (turns) 913 | . 293 109 200 91 220 Structural 871 | . 293 109 200 91 178 ECM 500 | . . . 189 91 220 Robot Analysis Total . | . . . . . . Derelict Logs Recovered . | . . . . . . Drone Launches . | . . . . . . Drone Recoveries . | . . . . . . Exploration | -11 -10 -9 -8 -7 -7 ------------- Run | Yrd Mat Mat Mat Fac Sto Turns Passed 1036 | 36 350 109 200 91 250 Spaces Moved 1326 | 31 315 249 242 149 340 Core 74 | 15 . . . . 59 Treads . | . . . . . . Legs . | . . . . . . Wheels 94 | 16 78 . . . . Hover . | . . . . . . Flight 1158 | . 237 249 242 149 281 Fastest Speed 26 | 50 32 26 29 27 27 Average Speed 35 | 70 47 26 29 27 37 Slowest Speed 195 | 90 112 29 29 27 195 Overloaded Moves . | . . . . . . Propulsion Burnouts . | . . . . . . Robots Hopped 16 | . 3 2 8 . 3 Potential Cave-ins . | . . . . . . Cave-ins Triggered . | . . . . . . Exploration Rate (%) 27 | 3 41 27 33 3 58 Regions Visited 5 Branch Regions 1 Pre-discovered Areas . | . . . . . . Known Exits Taken . | . . . . . . Unknown Exits Taken 5 | 1 1 1 1 1 . Scrap Searched . | . . . . . . Spaces Dug . | . . . . . . Terrain Destroyed 1 | . . . . . 1 Melee . | . . . . . . Projectile 1 | . . . . . 1 AOE . | . . . . . . Terrain Rammed . | . . . . . . Walls Destroyed . | . . . . . . Machines Disabled . | . . . . . . Actions | -11 -10 -9 -8 -7 -7 --------- Run | Yrd Mat Mat Mat Fac Sto Total 1851 | 44 510 288 363 198 448 Wait 480 | 6 173 40 123 46 92 Move 1291 | 30 308 244 227 148 334 Hop 14 | . 3 2 6 . 3 Pick Up 21 | 4 10 . 4 1 2 Fast Attach . | . . . . . . Attach 16 | 4 6 2 3 1 . Detach . | . . . . . . Swap 3 | . 1 . . 2 . Drop 6 | . 6 . . . . Fire 10 | . 3 . . . 7 Melee . | . . . . . . Ram 10 | . . . . . 10 Kick . | . . . . . . Crush . | . . . . . . Escape Stasis . | . . . . . . Rewire . | . . . . . . Trap . | . . . . . . Miscellaneous . | . . . . . . Route ------- -11/Scrapyard -10/Materials -9/Materials -8/Materials -7/Factory -7/Storage History --------- Turn | Location | Event 13 | -11/Scrapyard | Discovered new exit (range 15) 37 | -11/Scrapyard | Entered Materials 383 | -10/Materials | Discovered new exit (range 11) 387 | -10/Materials | Entered another Materials area 387 | -9/Materials | Evolved 2 slots: Propulsion x2 428 | -9/Materials | Build established: Sprinter 495 | -9/Materials | Discovered new exit (range 7) 496 | -9/Materials | Entered another Materials area 496 | -8/Materials | Evolved 2 slots: Utility x2 686 | -8/Materials | Repaired Lgt. Ion Engine+ 692 | -8/Materials | Discovered new exit (range 16) 696 | -8/Materials | Entered Factory 696 | -7/Factory | Evolved 2 slots: Propulsion x1, Utility x1 749 | -7/Factory | Central database locked down 783 | -7/Factory | Discovered new exit (range 13) 787 | -7/Factory | Entered Storage 789 | -7/Storage | Build established: Infiltrator-Sprinter 955 | -7/Storage | Lost 3 parts (1n2w) 997 | -7/Storage | Lost 4 parts (1p2n1u) 1011 | -7/Storage | Core integrity fell below 50% 1030 | -7/Storage | Core integrity fell below 20% 1037 | -7/Storage | Destroyed by S-27 Virus via exploding Compression Vault Last Messages --------------- 00976_ O-24 Administrator sends out distress signal. 00976_ O-24 Administrator: "IFF HANDSHAKE FAILED. SECURING TERMINAL." 00979_ Critical hit (Burn: +37). 00993_ Connecting with Terminal... 01000_ VTOL Module+ destroyed. 01003_ ALERT: Hostiles spotted, dispatching reinforcements to Terminal S011. 01004_ W-25 Informer sends out distress signal. 01007_ Slammed into S-27 Virus. 01007_ ECM Suite destroyed. 01008_ Slammed into S-27 Virus. 01024_ Destabilizing: System corrupted (+1). 01025_ Slammed into S-27 Virus. 01027_ System corrupted: Matter fused (-7). 01027_ Slammed into S-27 Virus. 01029_ W-25 Informer sends out distress signal. 01037_ Compression Vault explodes. 01037_ Transfer Shaft disabled. Map ----- +----------------------------------------------------+ | ???????????????????????????# # "" | | ???????????????????????????# # "" | | ???????????????????????????# |! # | | ???????????????????????????# !! ##" " | | ???????????????????????????+ ! #"R" | | ???????????????????????????# #""" | | ???????????????????????????# #### | | ???????????????# ?????????# #??? | | ???????????????# ?????????# #??? | | ???????????????+ ?????????# ########??? | | ???????????????# #????????# #?????????? | | ???????????????# ########## #???####### | | ???????????????+ #???# | | ???????????????# #???# """" | | ???????????????# """ #???# """" | | ???????????????# """ ##### """" | | ???????????????# """ / | | ???????????????# ##### """" | | ???????????????# #???#! """" | | ???????????????+ ######???# """" | | ???????????????# "Y" #????????# | | ??????????"##### """ #????????#+###+# | | ??????????" #??????????????? | | ??????????" + """?????????? | | ??????????"#T##+#s# ###### """?????????? | | ???????????#?# @ #? """?????????? | | ?????????????# """ #?? """?????????? | | ?????????????# """ #???"""?????????? | | ?????????????# "" Y#?? ??????????? | | ?????????????# a ##???T"?????????? | | ?????????????# #???????????????? | | ?????????????#############???????????????? | | | | | | | | | | | | | | | | | | | | | | | | | | | | | | | | | | | | | +----------------------------------------------------+ Best States ------------- Heat Dissipation 34 Energy Generation 16 Energy Capacity 290 Matter Stores 285 Matter Capacity 300 Sight Range 16 Terrain Scan Density 10 ECM Strength 1 Evasion (%) 64 Item Schematics ----------------- None Robot Schematics ------------------ None Fabricated ------------ Nothing Repaired ---------- Lgt. Ion Engine | 10% | -8/Materials Studied --------- VTOL Module | -9/Materials | Hacked Ion Engine | -9/Materials | Hacked Lgt. Ion Engine | -9/Materials | Hacked Flight Unit | -7/Factory | Hacked Alien Tech Used ----------------- None Achievements -------------- None Challenges ------------ None Game ------ Seed ShrapnelDisintegrationGun Manual? 0 Play Time 00:16:25 Cumulative 19.8 hours Start 2026.08.29 @ 23:26:19 End 2026.08.29 @ 23:42:09 Sessions 1 Manual Loads 0 Difficulty Rogue Special Mode None Game No. 42 Rogue 25 Adventurer 15 Explorer 2 Win Type - Total 0 Types 0/0/0/0/0/0/0/0/0/0 Lore% 21 Gallery% 19 Achievement% 16 Wizard Run 0 Options --------- Layout 1 ASCII 0 Keyboard 0 Movement Mouse Keybinds 0 Fullscreen 1 Font 24/Smallcaps Map View 50x35 Zoom Use 0% Tactical HUD 1 Map Filters NONE Filters NONE Steam 1 RUN: 54f889d4-d047-4ec1-b9ac-a1d69a7b2e76